 Dungeon Crawl Stone Soup version 0.31-a0-426-g3a05650e59 (webtiles) character file.

Game seed: 893927890080269977

190 Snakez the Grave Robber (level 5, -2/45 HPs)
             Began as a Naga Necromancer on July 30, 2023.
             Killed by nerve-wracking pain
             ... invoked by an orc priest
              (7 damage)
             ... on level 3 of the Dungeon.
             The game lasted 00:03:13 (2986 turns).

Snakez the Grave Robber (Naga Necromancer)          Turns: 2986, Time: 00:03:14

Health: -2/45      AC:  3    Str:  6    XL:     5   Next: 69%
Magic:  1/9        EV: 10    Int: 18    God:
Gold:   219        SH:  0    Dex: 11    Spells: 5/9 levels left

rFire   . . .        a - +0 long sword
rCold   + . .        (no shield)
rNeg    . . .        u - +0 robe of the Eternal Void {Fly rC+ Str-4}
rPois   +            n - +0 helmet
rElec   .            (no cloak)
rCorr   .            (no gloves)
SInv    +            (no barding)
Will    .....        (no amulet)
Stlth   ++           (no ring)
HPRegen 0.27/turn    (no ring)
MPRegen 0.11/turn

%: no passive effects
@: flying, very slightly contaminated, very slow
A: AC +1, large, see invisible, deformed body, poison resistance, slowness 2,
spit poison 1, naga tail 1
a: Spit Poison


You were on level 3 of the Dungeon.
You visited 1 branch of the dungeon, and saw 3 of its levels.

You collected 219 gold pieces.

Inventory:

Hand Weapons
 a - a +0 long sword (weapon)
Missiles
 q - a throwing net
Armour
 b - a +3 leather armour of willpower
 n - a +0 helmet (worn)
 u - the +0 robe of the Eternal Void (worn) {Fly rC+ Str-4}
   (You found it on level 3 of the Dungeon)

   Str:       It affects your strength (-4).
   rC:        It protects you from cold.
   Fly:       It grants you flight.
Scrolls
 c - 2 scrolls of brand weapon
 e - 2 scrolls of fog {unknown}
 g - 2 scrolls of silence {unknown}
 i - 3 scrolls of identify
 k - a scroll of immolation {unknown}
 l - a scroll of noise {unknown}
 m - 2 scrolls of blinking {unknown}
 o - 2 scrolls of vulnerability {unknown}
 p - 2 scrolls of teleportation {unknown}
 t - 3 scrolls of enchant armour
Potions
 d - a potion of invisibility {unknown}
 h - a potion of enlightenment {unknown}
 j - 2 potions of mutation {unknown}
 r - 2 potions of lignification {unknown}
 s - a potion of attraction {unknown}


   Skills:
 + Level 2.0 Fighting
 + Level 1.5 Long Blades
 - Level 2.0 Dodging
 - Level 3.2 Stealth
 + Level 2.9 Spellcasting
 * Level 5.2 Necromancy


You had 5 spell levels left.
You knew the following spells:

 Your Spells              Type           Power      Damage    Failure   Level
a - Vampiric Draining     Necr           21%        2d7       5%          3
b - Necrotise             Necr           84%        1d8       1%          1

Your spell library contained the following spells:

 Spells                   Type           Power      Damage    Failure   Level
 Animate Dead             Necr           21%        N/A       19%         4
 Dazzling Flash           Conj/Hex       4%         N/A       45%         3
 Volatile Blastmotes      Fire/Tloc      4%         2d10      45%         3
 Agony                    Necr           21%        N/A       45%         5
 Starburst                Conj/Fire      1%         6d3       100%        6
 Maxwell's Capacitive Co  Air            1%         ∞         100%        8


Dungeon Overview and Level Annotations

Branches:
Dungeon (3/15)

Altars:
Makhleb


Innate Abilities, Weirdness & Mutations

Your serpentine skin is tough. (AC +1)
You have supernaturally acute eyesight. (SInv)
Armour fits poorly on your strangely shaped body.
Your system is resistant to poisons. (rPois)
You cover ground very slowly.
You can spit poison.
You have a snake-like lower body.


Message History

You feel life coursing into your body.
Unknown command.
Casting: Vampiric Draining (dangerous; 6% risk of failure)
Confirm with . or Enter, or press ? or * to list all spells.
Aiming: Vampiric Draining (dangerous; 6% risk of failure)
Press: ? - help, Shift-Dir - straight line, f - hobgoblin
Aim: a hobgoblin You miscast Vampiric Draining.
You are very lightly contaminated with residual magic.
Nothing appears to happen.
The hobgoblin closely misses you.
Unknown command.
Aiming: Spit Poison (1% risk of failure)
Press: ? - help, Shift-Dir - straight line, f/p - hobgoblin
Aim: a hobgoblin (59% to hit)
The splash of poison hits the hobgoblin!
You kill the hobgoblin!
Unknown command.
You closely miss the orc. The orc hits you with a +0 club.
* * * LOW HITPOINT WARNING * * *
The orc hits you with a +0 club.
* * * LOW HITPOINT WARNING * * *
As you read the scroll labelled XIUCUT LADWUEB, it crumbles to dust.
It is a scroll of enchant armour.
Your +2 leather armour of willpower glows green for a moment.
The orc barely misses you.
As you read the scroll labelled VENAIDGHI QUREO, it crumbles to dust.
It is a scroll of identify.
c - 2 scrolls of brand weapon The orc closely misses you.
You hit the orc.
The orc is heavily wounded.
The orc hits you with a +0 club.
* * * LOW HITPOINT WARNING * * *
Okay, then.
You hit the orc.
You kill the orc!
You have got your breath back.
The orc priest mumbles some strange prayers to Beogh against you.
Pain shoots through your body!
You die...

. ♣.#.###.###
#.♣ . #♣♣.#.#
..##♣'♣##...#.#
.........###.#
##.####.###).#
#.#
o........$..##
#.#
#######o#####
#.# ## #)# ..
#@# #.# # #.# #
#.# # #.# # #.#
# ### #.# ####
#.. ..# #.#
#... #.# #.#
##...


You could see an orc priest.

Vanquished Creatures
  An orc priest (D:3)
  Natasha (thrice) (D:3)
  3 adders (D:3)
  A worm (D:3)
  A dart slug (D:1)
  4 orcs (D:3)
  4 ball pythons
  5 endoplasms
  4 giant cockroaches
  7 hobgoblins
  A quokka (D:3)
  2 bats
  2 frilled lizards (D:1)
  6 goblins
  3 kobolds (D:1)
  6 rats
53 creatures vanquished.

Vanquished Creatures (collateral kills)
  An endoplasm (D:1)
1 creature vanquished.

Grand Total: 54 creatures vanquished

Notes
Turn   | Place    | Note
-------+----------+-------------------------------------------
     0 | D:1      | Snakez the Naga Necromancer began the quest for the Orb.
     0 | D:1      | Reached XP level 1. HP: 15/15 MP: 3/3
   378 | D:1      | Reached XP level 2. HP: 22/22 MP: 1/5
  1001 | D:1      | Reached XP level 3. HP: 30/30 MP: 6/6
  1678 | D:2      | Reached skill level 1 in Fighting
  2184 | D:3      | Noticed Natasha
  2192 | D:3      | Killed Natasha
  2193 | D:3      | Reached XP level 4. HP: 21/38 MP: 7/7
  2238 | D:3      | Learned a level 3 spell: Vampiric Draining
  2505 | D:3      | Found a burning altar of Makhleb.
  2536 | D:3      | Noticed Natasha
  2567 | D:3      | Killed Natasha
  2568 | D:3      | Reached skill level 1 in Long Blades
  2568 | D:3      | Reached XP level 5. HP: 25/44 MP: 0/9
  2602 | D:3      | Noticed Natasha
  2613 | D:3      | Killed Natasha
  2614 | D:3      | Reached skill level 5 in Necromancy
  2799 | D:3      | Identified the +0 robe of the Eternal Void {Fly rC+ Str-4}
  2976 | D:3      | HP: 2/45 [orc priest/divine providence (12)]
  2986 | D:3      | Killed from afar by an orc priest

Illustrated notes

Levels and vault maps discovered:
D:1:      reono_arrival_mine, layout_basic
D:2:      layout_loops_ring, grunt_ministairs_1
D:3:      layout_loops_ring, bloody_makhleb, serial_shops, shop,
          dilly_ecumenical_altar_fadedgnrine, uniq_natasha

Skill      XL: |  1  2  3  4  5 |
---------------+----------------+-----
Fighting       | 1 2 |  2.0
Dodging        | 2 |  2.0
Long Blades    | 1 |  1.5
Necromancy     | 5 |  5.2
Stealth        | |  3.2
Spellcasting   | |  2.9

Action                     |  1- 3 |  4- 6 || total
---------------------------+-------+-------++-------
  Melee: Dagger            |    13 |       ||    13
         Short sword       |    18 |       ||    18
         Long sword        |     4 |    18 ||    22
   Cast: Necrotise         |    46 |    31 ||    77
         Vampiric Draining |       |     5 ||     5
Ability: Spit Poison       |     3 |     2 ||     5
    Use: Scroll            |       |     2 ||     2
         Potion            |       |     1 ||     1
   Stab: Sleeping          |     2 |       ||     2
 Armour: Robe              |     7 |     4 ||    11
         Leather armour    |       |     1 ||     1
  Dodge: Dodged            |    16 |    19 ||    35

Table legend: (Time is in decaauts)
 A = Elapsed time spent in this place.
 B = Non-inter-level travel time spent in this place.
 C = Inter-level travel time spent in this place.
 D = Time resting spent in this place.
 E = Time spent auto-exploring this place.
 F = Levels seen in this place.
 G = Mean time per level.
                   A        B        C        D        E       F      G
               +--------+--------+--------+--------+--------+-----+--------+
         Total |   3650 |   3484 |    166 |    451 |   2594 |   3 | 1216.7 |
       Dungeon |   3650 |   3484 |    166 |    451 |   2594 |   3 | 1216.7 |
               +--------+--------+--------+--------+--------+-----+--------+

Top non-repeatable levels by time:
     D:1: 1757 daAuts
     D:2: 949 daAuts
     D:3: 944 daAuts
